 Dungeon Crawl Stone Soup version 0.26.0-16-gc1dbca0489 (webtiles) character file.

Game seed: 18024191966120489943

75 TreeFish the Conjurer (level 4, -11/30 HPs)
             Began as a Human Conjurer on Jan 17, 2021.
             Killed by divine providence
             ... invoked by an orc priest
              (13 damage)
             ... on level 2 of the Dungeon on Jan 19, 2021.
             The game lasted 00:05:54 (2036 turns).

TreeFish the Conjurer (Human Conjurer)              Turns: 2036, Time: 00:05:54

Health: -11/30     AC:  3    Str:  8    XL:     4   Next: 55%
Magic:  3/8        EV: 13    Int: 19    God:
Gold:   55         SH:  0    Dex: 11    Spells: 5/8 levels left

rFire    . . .     SeeInvis .   d - +0 mace
rCold    . . .     Faith    .   (no shield)
rNeg     . . .     Spirit   .   a - +0 robe
rPois    .         Reflect  .   (no helmet)
rElec    .         Harm     .   k - +0 cloak
rCorr    .         Rampage  .   (no gloves)
Will     .....                  (no boots)
Stlth    ++........             (no amulet)
HPRegen  0.10/turn              (no ring)
MPRegen  0.11/turn              (no ring)

@: no status effects
A: no striking features
a: no special abilities


You were on level 2 of the Dungeon.
You visited 1 branch of the dungeon, and saw 2 of its levels.

You collected 55 gold pieces.

Inventory:

Hand Weapons
 d - a +0 mace (weapon)
Missiles
 m - 26 stones
 p - 17 poisoned darts (quivered)
Armour
 a - a +0 robe (worn)
 k - a +0 cloak (worn)
Jewellery
 n - an uncursed ring of protection from fire {unknown}
 o - an uncursed ring of resist corrosion {unknown}
Scrolls
 b - a scroll of fog {unknown}
 c - a scroll of magic mapping {unknown}
 i - 2 scrolls of identify {unknown}
 j - a scroll of amnesia {unknown}
Potions
 e - 2 potions of curing {unknown}
 f - a potion of mutation {unknown}
 g - a potion of berserk rage {unknown}
 h - a potion of brilliance {unknown}
 l - a potion of heal wounds {unknown}
 q - a potion of haste {unknown}
 r - 2 potions of magic {unknown}


   Skills:
 + Level 3.0 Dodging
 - Level 2.0 Stealth
 + Level 2.8 Spellcasting
 + Level 4.6 Conjurations


You had 5 spell levels left.
You knew the following spells:

 Your Spells              Type           Power        Failure   Level
a - Magic Dart            Conj           80%          2%          1
c - Searing Ray           Conj           40%          3%          2

Your spell library contained the following spells:

 Spells                   Type           Power        Failure   Level
 Dazzling Flash           Conj/Hex       22%          19%         3
 Fulminant Prism          Conj/Hex       5%           52%         4
 Iskenderun's Mystic Bla  Conj/Tloc      11%          52%         4


Dungeon Overview and Level Annotations

Branches:
Dungeon (2/15)

Altars:


Message History

The searing ray hits the orc warrior.
The orc warrior is severely wounded.
The searing ray hits something.
Reactivating autopickup.
You feel a bit more experienced.
The searing ray hits the orc priest.
The orc priest is almost dead.
The orc warrior hits you with a +0 long sword.
Your Dodging skill increases to level 3!
Okay, then.
Okay, then.
The orc priest mumbles some strange prayers to Beogh against you.
Beogh smites you!
The orc priest calls upon Beogh to heal the orc warrior.
The orc warrior is healed somewhat.
The orc priest calls down the wrath of Beogh upon you.
Beogh smites you!
* * * LOW HITPOINT WARNING * * *
The orc priest invokes the aid of Beogh against you.
Beogh smites you!
You die...

#.# .. #. ... # #.#..#
....#.### #.##.#.#..#
#.....# .##.##.#.#..#
#.###.######
....#......# #.......
#..#......# #
#.###.######
#........#####.# #....<#
#....o.....o@..#.#######
#####....##..........#
..........o..#########
#####.#.###..# #
##........# #
#....###.## ####.##.#
#.# ...).##.# #.#
.....##.# #.# #####


You could see an orc warrior, an orc priest and an orc.

Vanquished Creatures
  An orc wizard (D:2)
  An ooze (D:1)
  3 dart slugs (D:1)
  A leopard gecko (D:1)
  2 bats (D:2)
  8 goblins
  7 hobgoblins
  3 jackals (D:2)
  2 ball pythons
  4 kobolds (D:1)
  7 rats
39 creatures vanquished.

Notes
Turn   | Place    | Note
-------+----------+-------------------------------------------
     0 | D:1      | TreeFish the Human Conjurer began the quest for the Orb.
     0 | D:1      | Reached XP level 1. HP: 13/13 MP: 3/3
   214 | D:1      | Reached XP level 2. HP: 9/19 MP: 3/5
   217 | D:1      | Learned a level 2 spell: Searing Ray
   975 | D:1      | Reached XP level 3. HP: 24/24 MP: 3/6
  1656 | D:2      | Reached XP level 4. HP: 21/30 MP: 5/8
  2007 | D:2      | Noticed an orc warrior
  2033 | D:2      | HP: 1/30 [orc priest/divine providence (14)]
  2036 | D:2      | Killed from afar by an orc priest

Illustrated notes

Levels and vault maps discovered:
D:1:      minmay_arrival_glassed_features, layout_loops_ring
D:2:      layout_loops_ring, grunt_temple_overflow_forces_of_nature,
          nzn_overflow_gifts_of_might_and_magic, uniq_robin

Skill      XL: |  1  2  3  4 |
---------------+-------------+-----
Dodging        | 3 |  3.0
Stealth        | |  2.0
Spellcasting   | |  2.8
Conjurations   | |  4.6

Action                   |  1- 3 |  4- 6 || total
-------------------------+-------+-------++-------
Melee: Mace              |    61 |     3 ||    64
       Unarmed           |     2 |       ||     2
 Cast: Magic Dart        |     4 |       ||     4
       Searing Ray       |    13 |     4 ||    17
 Stab: Sleeping          |     2 |       ||     2
Armor: Robe              |    17 |       ||    17
Dodge: Dodged            |    64 |     3 ||    67
